 Dungeon Crawl Stone Soup version 0.30.1-11-g7821555f0a (webtiles) character file.

Game seed: 11884583790131843709

4323 Wutend the Covert (level 10, -4/72 HPs)
             Began as an Octopode Fighter on Nov 16, 2023.
             Was an Initiate of Dithmenos.
             Slain by a polar bear (22 damage)
             ... on level 9 of the Dungeon.
             The game lasted 00:39:37 (8569 turns).

Wutend the Covert (Octopode Fighter)                Turns: 8569, Time: 00:39:37

Health: -4/72      AC:  1    Str: 18    XL:     10   Next: 33%
Magic:  10/10      EV: 17    Int: 10    God:    Dithmenos [......]
Gold:   464        SH:  8    Dex: 17    Spells: 9/9 levels left

rFire   + + .        w - +6 falchion
rCold   . . .        g - +2 buckler of the Kangaroo {rF+ rN+ rCorr Dex+3 Slay+2}
rNeg    + . .        (helmet restricted)
rPois   .            (no amulet)
rElec   .            k - +4 ring of slaying
rCorr   +            d - ring of protection from fire
SInv    .            (no ring)
Will    .....        (no ring)
Stlth   ++++++       (no ring)
HPRegen 0.32/turn    (no ring)
MPRegen 0.12/turn    (no ring)
                     (no ring)

%: no passive effects
@: about to teleport
A: almost no armour, amphibious, 8 rings, camouflage 1, gelatinous body 1,
(nimble swimmer 1), tentacles
a: Renounce Religion


You were on level 9 of the Dungeon.
You worshipped Dithmenos.
Dithmenos was noncommittal.
You visited 2 branches of the dungeon, and saw 10 of its levels.

You collected 464 gold pieces.

Inventory:

Hand Weapons
 e - a +0 short sword of speed
 w - a +6 falchion (weapon)
 C - a +7 short sword of freezing
Missiles
 a - 5 atropa-tipped darts
 j - 13 boomerangs
 q - 8 poisoned darts (quivered)
Armour
 g - the +2 buckler of the Kangaroo (worn) {rF+ rN+ rCorr Dex+3 Slay+2}
   (You acquired it on level 2 of the Dungeon)

   Dex:       It affects your dexterity (+3).
   Slay:      It affects your accuracy & damage with ranged weapons and melee
   (+2).
   rF:        It protects you from fire.
   rN:        It protects you from negative energy.
   rCorr:     It protects you from acid and corrosion.
Jewellery
 d - a ring of protection from fire (right tentacle)
 k - a +4 ring of slaying (left tentacle)
 u - the ring "Hoklusu" {rPois Str+6 Int+5 Slay-5}
   (You found it on level 6 of the Dungeon)

   [ring of strength]

   Str:       It affects your strength (+6).
   Int:       It affects your intelligence (+5).
   Slay:      It affects your accuracy & damage with ranged weapons and melee
   (-5).
   rPois:     It protects you from poison.
 D - an amulet of regeneration
 E - a ring of wizardry
Wands
 s - a wand of polymorph (13)
 t - a wand of charming (16)
 v - a wand of flame (24)
 y - a wand of light (9)
 B - a wand of digging (5)
Scrolls
 l - 3 scrolls of immolation
 r - 2 scrolls of magic mapping
 x - 2 scrolls of identify
 A - a scroll of fog
Potions
 c - 3 potions of might
 f - 2 potions of curing
 h - a potion of flight
 i - 3 potions of attraction
 m - 3 potions of degeneration
 n - a potion of resistance
 o - 2 potions of brilliance
 p - 2 potions of heal wounds {unknown}
 F - a potion of mutation {unknown}


   Skills:
 + Level 7.7 Fighting
 + Level 7.3 Long Blades
 + Level 7.7 Dodging
 + Level 10.1 Stealth
 - Level 5.0 Shields


You had 9 spell levels left.
You didn't know any spells.
Your spell library contained the following spells:

 Spells                   Type           Power      Damage    Failure   Level
 Magic Dart               Conj           0%         1d3       43%         1
 Searing Ray              Conj           0%         2d4       56%         2
 Dazzling Flash           Conj/Hex       0%         N/A       80%         3
 Gell's Gravitas          Tloc           0%         N/A       80%         3
 Inner Flame              Hex/Fire       0%         N/A       80%         3
 Teleport Other           Tloc           0%         N/A       80%         3
 Fulminant Prism          Conj/Hex       0%         3d5       99%         4
 Agony                    Necr           0%         N/A       100%        5
 Silence                  Hex/Air        0%         N/A       100%        5
 Summon Forest            Summ/Tloc      0%         N/A       100%        5
 Summon Mana Viper        Hex/Summ       0%         N/A       100%        5
 Yara's Violent Unravell  Hex/Tmut       0%         3d3       100%        5
 Dispersal                Tloc           0%         N/A       100%        6
 Summon Cactus Giant      Summ           0%         N/A       100%        6
 Enfeeble                 Hex            0%         N/A       100%        7


Dungeon Overview and Level Annotations

Branches:
Dungeon (9/15)             Temple (1/1) D:7
   Lair: D:8-11         Orc: D:9-12

Altars:
Ashenzari
Cheibriados
Dithmenos
Elyvilon
Fedhas
Gozag
Hepliaklqana
Kikubaaqudgha
Makhleb
Nemelex Xobeh
Okawaru
Qazlal
Ru
Sif Muna
Trog
Uskayaw
Vehumet
Wu Jian
Xom
Yredelemnul
Zin
The Shining One

Shops:
D:4 !**

Annotations:
D:8 exclusion: statue
D:9 3 runed translucent doors, diealot's ghost, novice DEIE


Innate Abilities, Weirdness & Mutations

You cannot wear most types of armour.
You are amphibious.
You can wear up to eight rings at the same time.
Your skin changes colour to match your surroundings (Stealth+).
Your rubbery body absorbs attacks. (AC +1, EV +1)
((You are camouflaged when in or above water. (Stealth+)))
You have tentacles for arms and can constrict up to eight enemies at once.


Message History

You see here 14 gold pieces.
You slash the polar bear!
The polar bear is moderately wounded.
The polar bear barely misses you. x2; The polar bear claws you.
You closely miss the polar bear. You squeeze the polar bear!
The polar bear is moderately wounded.
The polar bear barely misses you. The polar bear closely misses you.
The polar bear misses you.
You hit the polar bear. You squeeze the polar bear.
The polar bear is heavily wounded.
You block the polar bear's attack. The polar bear closely misses you.
The polar bear barely misses you.
You slice the polar bear!! You squeeze the polar bear.
You kill the polar bear!
Dithmenos accepts your kill. The polar bear bites you!
The polar bear barely misses you.
The polar bear claws you but does no damage.
You barely miss the polar bear. You squeeze the polar bear!
The polar bear is lightly wounded.
The polar bear closely misses you. The polar bear claws you. x2
You slash the polar bear! You tentacle-slap the polar bear.
You squeeze the polar bear!
The polar bear is severely wounded.
The polar bear goes berserk!
You barely miss the polar bear. You squeeze the polar bear.
The polar bear is severely wounded.
The polar bear bites you! The polar bear claws you. x2
The polar bear bites you!! The polar bear claws you.
* * * LOW HITPOINT WARNING * * *
The polar bear claws you.
* * * LOW HITPOINT WARNING * * *
You feel better. You block the polar bear's attack. The polar bear misses you.
You block the polar bear's attack.
Okay, then.
As you read the scroll of teleportation, it crumbles to dust.
You feel strangely unstable. The polar bear barely misses you.
The polar bear misses you. The polar bear claws you.
* * * LOW HITPOINT WARNING * * *
The polar bear bites you!!
You die...

#### ... .
###############.##....
..........@hzz........
.........#####....~~.~
....~.†..# #.~5~~...
.~.~~~...# #.~≈~....
#..≈~~~~≈..# ##.~≈~~S~.
#...~~~~~~.###.......~~≈
#..~~~≈~~.#...#.......~
#...~~~.....# ##.##....
#.....≈~~..##


You could see a polar bear (berserk) and 2 wights.

Vanquished Creatures
  A polar bear (D:9)
  4 yaks
  Sigmund (D:4)
  A wyvern (D:8)
  A water moccasin (D:8)
  Edmund (D:4)
  2 black bears
  3 sky beasts (D:7)
  2 ice beasts
  An ogre (D:6)
  A wolf (D:9)
  A phantom (D:5)
  4 bullfrogs
  Blork the orc (D:4)
  3 scorpions
  4 wights (D:8)
  6 killer bees
  5 electric eels (D:7)
  A howler monkey (D:6)
  3 hounds
  4 orc priests
  3 jellies
  5 iguanas
  2 sleepcaps
  Ijyb (D:5)
  6 orc wizards
  A centaur simulacrum (D:9)
  6 adders
  4 gnolls
  4 white imps
  6 dart slugs
  34 orcs
  5 endoplasms
  5 giant cockroaches
  9 hobgoblins
  4 jackals (D:1)
  5 kobolds
  2 quokkas
  5 ball pythons
  2 bats (D:2)
  4 frilled lizards
  11 goblins
174 creatures vanquished.

Notes
Turn   | Place    | Note
-------+----------+-------------------------------------------
     0 | D:1      | Wutend the Octopode Fighter began the quest for the Orb.
     0 | D:1      | Reached XP level 1. HP: 16/16 MP: 1/1
    58 | D:1      | Reached XP level 2. HP: 21/21 MP: 2/2
   105 | D:1      | Reached skill level 1 in Stealth
   522 | D:1      | Found a faded altar of an unknown god.
   811 | D:2      | Reached XP level 3. HP: 26/26 MP: 3/3
   974 | D:2      | Reached skill level 2 in Stealth
  1411 | D:2      | Identified a scroll of acquirement
  1411 | D:2      | Acquired the +2 buckler of the Kangaroo {rF+ rN+ rCorr
                  | Dex+3 Slay+2}
  1650 | D:3      | Reached XP level 4. HP: 31/31 MP: 4/4
  1724 | D:3      | Reached XP level 5. HP: 23/36 MP: 5/5
  1737 | D:3      | Reached skill level 3 in Stealth
  2260 | D:3      | Found a hazy altar of Hepliaklqana.
  2577 | D:3      | Reached XP level 6. HP: 43/43 MP: 6/6
  2796 | D:4      | Noticed Sigmund
  2803 | D:4      | Killed Sigmund
  2804 | D:4      | Reached skill level 4 in Stealth
  2910 | D:4      | Noticed Blork the orc
  2911 | D:4      | Noticed Edmund
  2920 | D:4      | Killed Blork the orc
  2921 | D:4      | Reached XP level 7. HP: 17/48 MP: 7/7
  2936 | D:4      | Killed Edmund
  3182 | D:4      | Found Dyokesum's Distillery.
  3442 | D:4      | Found Urphilint's Specific Store.
  3442 | D:4      | Found Coaforu's General Store.
  3607 | D:5      | Entered Level 5 of the Dungeon
  3786 | D:5      | Reached skill level 5 in Stealth
  3910 | D:5      | Noticed Ijyb
  3922 | D:5      | Killed Ijyb
  3956 | D:5      | Reached XP level 8. HP: 54/54 MP: 8/8
  4005 | D:5      | Reached skill level 5 in Fighting
  4005 | D:5      | Reached skill level 5 in Dodging
  4005 | D:5      | Reached skill level 5 in Shields
  4187 | D:5      | Reached skill level 6 in Stealth
  4586 | D:5      | Reached skill level 5 in Long Blades
  4651 | D:6      | Identified the ring "Hoklusu" {rPois Str+6 Int+5 Slay-5}
  4964 | D:6      | Reached skill level 7 in Stealth
  4973 | D:6      | Reached XP level 9. HP: 62/62 MP: 9/9
  5735 | D:7      | Found Nuuf's General Store.
  5924 | D:7      | Reached skill level 8 in Stealth
  6405 | D:7      | Found a staircase to the Ecumenical Temple.
  6422 | Temple   | Entered the Ecumenical Temple
  6436 | Temple   | Became a worshipper of Dithmenos the Shadowed
  7136 | D:8      | Found a radiant altar of Vehumet.
  7164 | D:8      | Found a sacrificial altar of Ru.
  7164 | D:8      | Found a sparkling altar of Nemelex Xobeh.
  7233 | D:8      | Found an iron altar of Okawaru.
  7246 | D:8      | Reached skill level 9 in Stealth
  7721 | D:8      | Reached XP level 10. HP: 56/71 MP: 10/10
  7840 | D:8      | Found a shimmering blue altar of Sif Muna.
  7846 | D:8      | Found a stormy altar of Qazlal.
  7851 | D:8      | Found an opulent altar of Gozag.
  8283 | D:9      | Found a runed translucent gate.
  8284 | D:9      | Found a runed translucent gate.
  8284 | D:9      | Found a runed translucent gate.
  8284 | D:9      | Noticed diealot's ghost (novice DEIE)
  8284 | D:9      | Identified the +0 chain mail of Fenaucli {Str+8}
  8285 | D:9      | Identified the +0 leather armour "Jilleu Itsarph" {+Blink
                  | rC+ Dex+5}
  8404 | D:9      | Reached skill level 10 in Stealth
  8569 | D:9      | Slain by a polar bear

Illustrated notes

Levels and vault maps discovered:
D:1:      amcnicky_arrival_gap_in_the_tavern_cellar, layout_basic,
          shapermc_ecumenical_altar_gd
D:2:      layout_loops_ring
D:3:      layout_basic, amcnicky_altar_gilded, grunt_decor_resistance
D:4:      layout_loops_ring, serial_shops, kennysheep_little_box,
          nicolae_specific_store, uniq_blork_the_orc, uniq_sigmund, uniq_edmund
D:5:      minmay_clustersquares, layout_cave_pools, st_stairs_2, uniq_ijyb
D:6:      layout_rooms, nicolae_water_bricks
D:7:      layout_basic, minmay_temple_entry_mist, serial_bayou,
          serial_bayou_crossing, serial_bayou_pond_a, serial_bayou_lagoon_a,
          serial_bayou_lagoon_b, serial_bayou_lake_a, serial_shops, shop
D:8:      layout_basic, minmay_overflow_temple_star_quad,
          gammafunk_temple_overflow_wave, vehumet_statue, okawaru_gym_becter,
          bh_walls_and_bars
D:9:      layout_long_grid, serial_ice, serial_ice_f, serial_ice_n,
          serial_ice_a, serial_ice_i, biasface_ghost_orc_armoury,
          minmay_misc_feat_enclosed, uniq_pikel
Temple:   nicolae_temple_two_arcs

Skill      XL: |  1  2  3  4  5  6  7  8  9 10 |
---------------+-------------------------------+-----
Stealth        | 1 2 3 4 5 7 9 10 | 10.1
Long Blades    | 3 4 5 6 7 |  7.3
Fighting       | 4 5 7 |  7.7
Dodging        | 4 5 7 |  7.7
Shields        | 4 5 |  5.0

Action                     |  1- 3 |  4- 6 |  7- 9 | 10-12 || total
---------------------------+-------+-------+-------+-------++-------
  Melee: Long sword        |    17 |       |       |       ||    17
         Constrict         |    22 |    14 |    56 |     2 ||    94
         Short sword       |    68 |    57 |   105 |       ||   230
         Tentacles         |    15 |    16 |    65 |    14 ||   110
         Punch             |     2 |     2 |     4 |     3 ||    11
         Falchion          |       |       |   118 |    38 ||   156
  Throw: Dart              |       |     4 |     2 |       ||     6
    Use: Scroll            |     6 |     5 |     2 |     4 ||    17
         Potion            |       |     1 |       |     1 ||     2
   Stab: Sleeping          |     4 |     4 |    13 |     1 ||    22
 Armour: Skin              |     8 |       |     2 |     1 ||    11
  Dodge: Dodged            |    30 |    15 |    73 |    36 ||   154
  Block: Buckler           |    13 |    13 |    57 |    20 ||   103
